 Dungeon Crawl Stone Soup version 0.27-a0-1065-ge809cff456 (webtiles) character file.

Game seed: 14556931966059403727

32 erloom the Covered (level 3, 31/31 HPs)
             Began as a Gnoll Wanderer on Apr 3, 2020.
             Quit the game on level 1 of the Dungeon on Apr 23, 2021.
             The game lasted 00:01:54 (281 turns).

erloom the Covered (Gnoll Wanderer)                  Turns: 281, Time: 00:01:54

Health: 31/31      AC:  3    Str: 13    XL:     3   Next: 27%
Magic:  3/3        EV: 11    Int: 15    God:
Gold:   35         SH:  0    Dex: 15    Spells: 3/3 levels left

rFire    . . .     SeeInvis .   a - +2 shortbow
rCold    . . .     Faith    .   (shield currently unavailable)
rNeg     . . .     Spirit   .   e - +0 robe
rPois    .         Reflect  .   (no helmet)
rElec    .         Harm     .   (no cloak)
rCorr    .         Rampage  .   k - +0 pair of gloves
Will     .....                  (no boots)
Stlth    ++........             (no amulet)
HPRegen  0.10/turn              (no ring)
MPRegen  0.08/turn              (no ring)

@: no status effects
A: fangs 1, strong nose, distributed training
a: no special abilities


You were on level 1 of the Dungeon.
You visited 1 branch of the dungeon, and saw 1 of its levels.

You collected 35 gold pieces.

Inventory:

Hand Weapons
 a - a +2 shortbow (weapon)
 c - a +0 falchion
 d - a +0 short sword
Missiles
 b - 12 arrows (quivered ammo)
Armour
 e - a +0 robe (worn)
 k - a +0 pair of gloves (worn)
Scrolls
 g - 2 scrolls of removedness
Potions
 h - a potion of ambrosia {unknown}
 i - a potion of curing {unknown}
Comestibles
 f - a removed food
 j - 4 removed foods


   Skills:
 + Level 4.5 Fighting
 + Level 4.5 Short Blades
 + Level 0.6 Long Blades
 + Level 0.6 Axes
 + Level 0.6 Maces & Flails
 + Level 0.6 Polearms
 + Level 0.6 Staves
 + Level 0.6 Slings
 + Level 2.5 Bows
 + Level 0.6 Crossbows
 + Level 2.5 Throwing
 + Level 6.5 Armour
 + Level 0.6 Dodging
 + Level 2.3 Stealth
 + Level 0.6 Shields
 + Level 0.6 Unarmed Combat
 + Level 0.6 Spellcasting
 + Level 0.4 Conjurations
 + Level 0.4 Hexes
 + Level 0.4 Summonings
 + Level 0.4 Necromancy
 + Level 0.4 Translocations
 + Level 0.4 Transmutations
 + Level 0.4 Fire Magic
 + Level 0.4 Ice Magic
 + Level 0.4 Air Magic
 + Level 0.4 Earth Magic
 + Level 0.4 Poison Magic
 + Level 0.8 Invocations
 + Level 0.6 Evocations


You had 3 spell levels left.
You didn't know any spells.
Your spell library was empty.

Dungeon Overview and Level Annotations

Branches:
Dungeon (1/15)

Altars:


Innate Abilities, Weirdness & Mutations

You have very sharp teeth.
Your uncanny sense of smell can sniff out nearby items.
Your experience applies equally to all skills.


Message History

Press: ? - help, Shift-Dir - straight line, f/p - rat
Aim: a rat You shoot an arrow.
The arrow closely misses the rat.
The jackal barks!
Firing (i - inventory)
b - 17 arrows (quivered)
Press: ? - help, Shift-Dir - straight line, f/p - rat
Aim: a rat You shoot an arrow.
The arrow hits the rat!
You kill the rat!
A hobgoblin comes into view. It is wielding a +0 club.
Firing (i - inventory)
b - 16 arrows (quivered)
Press: ? - help, Shift-Dir - straight line, f - giant cockroach
Aim: a giant cockroach You shoot an arrow.
The arrow hits the giant cockroach!
You kill the giant cockroach!
A hobgoblin comes into view.
The jackal closely misses you. The jackal bites you.
Firing (i - inventory)
b - 15 arrows (quivered)
Press: ? - help, Shift-Dir - straight line, f - jackal
Aim: a jackal You shoot an arrow.
The arrow hits the jackal.
You kill the jackal!
Firing (i - inventory)
b - 14 arrows (quivered)
Press: ? - help, Shift-Dir - straight line, f - hobgoblin
Aim: a hobgoblin, wielding a +0 club You shoot an arrow.
The arrow closely misses the hobgoblin.
Firing (i - inventory)
b - 13 arrows (quivered)
Press: ? - help, Shift-Dir - straight line, f/p - hobgoblin
Aim: a hobgoblin, wielding a +0 club You shoot an arrow.
The arrow hits the hobgoblin.
You kill the hobgoblin!
Firing (i - inventory)
b - 12 arrows (quivered)
Press: ? - help, Shift-Dir - straight line, f - hobgoblin
Aim: a hobgoblin
Okay, then.
Saving game... please wait.
Welcome back, erloom the Gnoll Wanderer.
Press ? for a list of commands and other information.
Are you sure you want to abandon this character and quit the game? (Confirm with "yes".)

# #.........#.# .#
#.#......)..#.#####.#
#.#......†..........##
#.#..................#
#...........#.##..(..#.
#####...........#.#........
......#............((g.g.)#
#.......###.#.###g#........
#...##.........@(.##.(....#
#... #......#.##### ......#
#.. #.######.# #.#(.## ..
.. # #..(.. ... #.##. ...
.# ####


You could see a hobgoblin.

Vanquished Creatures
  2 dart slugs (D:1)
  A ball python (D:1)
  3 giant cockroaches (D:1)
  5 goblins (D:1)
  3 hobgoblins (D:1)
  A jackal (D:1)
  4 bats (D:1)
  2 frilled lizards (D:1)
  2 kobolds (D:1)
  3 rats (D:1)
26 creatures vanquished.

Notes
Turn   | Place    | Note
-------+----------+-------------------------------------------
     0 | D:1      | erloom the Gnoll Wanderer began the quest for the Orb.
     0 | D:1      | erloom set off with the following items: a +2 shortbow, 26
                  | arrows, a +0 falchion, a +0 short sword, a +0 robe, a
                  | ration
     0 | D:1      | Reached XP level 1. HP: 20/20 MP: 1/1
    93 | D:1      | Reached XP level 2. HP: 26/26 MP: 2/2
   149 | D:1      | Reached XP level 3. HP: 24/31 MP: 3/3
   166 | D:1      | Upgraded the game from 0.25-a0-701-gb30f108f01 to
                  | 0.25-a0-822-g6581751b11
   281 | D:1      | Upgraded the game from 0.25-a0-822-g6581751b11 to
                  | 0.27-a0-1065-ge809cff456
   281 | D:1      | Quit the game

Illustrated notes

Levels and vault maps discovered:
D:1:      dpeg_arrival_signposts, layout_loops_ring, minmay_hexomino_r4

Action                   || total
-------------------------++-------
 Fire: Shortbow          ||    54
Armor: Robe              ||     3
Dodge: Dodged            ||     9

Table legend: (Time is in decaauts)
 A = Elapsed time spent in this place.
 B = Non-inter-level travel time spent in this place.
 C = Inter-level travel time spent in this place.
 D = Time resting spent in this place.
 E = Time spent auto-exploring this place.
 F = Levels seen in this place.
 G = Mean time per level.
                   A        B        C        D        E       F      G
               +--------+--------+--------+--------+--------+-----+--------+
         Total |    291 |    291 |      0 |     10 |    133 |   1 |  291.0 |
       Dungeon |    291 |    291 |      0 |     10 |    133 |   1 |  291.0 |
               +--------+--------+--------+--------+--------+-----+--------+
